 Dungeon Crawl Stone Soup version 0.14.1-23-g35e4e54 (webtiles) character file.

4973 Kassandra the Grappler (level 10, -10/81 HPs)
             Began as a Yellow Draconian Transmuter on June 13, 2014.
             Was a High Priest of Makhleb.
             Killed from afar by a gargoyle (21 damage)
             ... with a stone arrow
             ... on Level 9 of the Dungeon.
             The game lasted 01:29:58 (9845 turns).

Kassandra the Grappler (DrTm)                       Turns: 9845, Time: 01:29:58

HP -10/81        AC  2     Str 16      XL: 10   Next: 28%
MP  14/17        EV 19     Int 15      God: Makhleb [*****.]
Gold 0           SH  0     Dex 18      Spells:  4 memorised,  0 levels left

rFire  . . .     SeeInvis .       - Unarmed
rCold  . . .     Clarity  .     (armour unavailable)
rNeg   . . .     Conserve .     o - melded +0 buckler
rPois  x         rCorr    .     (helmet currently unavailable)
rElec  .         rRot     .     (cloak currently unavailable)
SustAb . .       Spirit   .     k - melded +1 pair of gloves
rMut   .         Warding  .     (boots currently unavailable)
Saprov . . .     Stasis   .     (no amulet)
MR     .....                    p - +3 ring of strength
                                g - ring of regeneration

@: spider-form, quick, not resistant to hostile enchantments, unstealthy
A: (spit acid), (acid resistance), unfitting armour, agile 1, dopey 1, AC +7
a: End Transformation, Minor Destruction, Lesser Servant of Makhleb, Major
Destruction, Greater Servant of Makhleb, Renounce Religion


You were on level 9 of the Dungeon.
You worshipped Makhleb.
Makhleb was extremely pleased with you.
You were not hungry.
You were in spider-form.
You visited 2 branches of the dungeon, and saw 10 of its levels.
You also visited: Bailey.

Inventory:

Hand weapons
 x - a +3 blowgun
Missiles
 b - 12 arrows
 A - 38 poisoned needles
 C - a poisoned dart (quivered)
Armour
 k - a +1 pair of gloves (melded)
 o - a +0 buckler (melded)
Magical devices
 r - a wand of slowing (19)
 E - a wand of fire (2)
 L - a wand of cold (0)
Comestibles
 a - 7 bread rations
 K - 5 beef jerkies
Scrolls
 e - a scroll of immolation
 f - 2 scrolls of magic mapping
 l - a scroll of recharging
 m - 6 scrolls of remove curse
 t - 12 scrolls of identify
 u - 7 scrolls of teleportation
 F - a scroll of enchant weapon I
Jewellery
 g - a ring of regeneration (left front leg)
 n - an uncursed ring of ice
 p - a +3 ring of strength (right front leg)
 P - an uncursed amulet of warding {unknown}
Potions
 c - a potion of porridge
 h - 9 potions of curing
 j - a potion of resistance
 q - a potion of might
 D - 2 potions of brilliance
 N - a potion of berserk rage {unknown}
 O - a potion of experience {unknown}
Books
 d - a book of Changes

   Spells                             Type                      Level
   *Beastly Appendage                 Transmutation                1
   Sticks to Snakes                   Transmutation                2
   *Spider Form                       Transmutation/Poison         3
   *Ice Form                          Ice/Transmutation            4
   *Blade Hands                       Transmutation                5
Miscellaneous
 i - a stone of tremors


   Skills:
 + Level 5.0 Fighting
 - Level 1.7 Dodging
 + Level 1.9 Shields
 + Level 10.0 Unarmed Combat
 + Level 2.3 Spellcasting
 + Level 9.7 Transmutations
 + Level 0.4 Ice Magic
 - Level 0.2 Poison Magic
 + Level 3.8 Invocations
 + Level 2.5 Evocations


You couldn't memorise any spells.
You knew the following spells:

 Your Spells              Type           Power        Failure   Level  Hunger
a - Beastly Appendage     Trmt           ####..       3%          1    #......
b - Spider Form           Trmt/Pois      ###.......   24%         3    ####...
c - Blade Hands           Trmt           ####......   32%         5    ######.
d - Ice Form              Ice/Trmt       ###.......   50%         4    #####..


Dungeon Overview and Level Annotations

Branches:
Dungeon (9/15)             Temple (1/1) D:4
    Orc: D:9-12        Lair: D:8-11

Altars:
Ashenzari
Cheibriados
Elyvilon
Fedhas
Kikubaaqudgha
Makhleb
Nemelex Xobeh
Okawaru
Sif Muna
Trog
Vehumet
Xom
Yredelemnul
Zin
The Shining One

Annotations:
D:9 Maurice


Innate Abilities, Weirdness & Mutations

((You can spit globs of acid.))*
((You can corrode armour when you spit acid.))*
((You are resistant to acid.))*
((Your golden yellow scales are hard (AC +7).))*
Your body does not fit into most forms of armour.
Your cold-blooded metabolism reacts poorly to cold.
You are agile. (Dex +2)
You are dopey. (Int -2)


Message History

The gargoyle hurls a stone arrow at you.
The stone arrow misses you.
You hit the gargoyle but do no damage. Your kick misses the gargoyle.
The gargoyle barely misses you.
You hit the gargoyle but do no damage.
You claw the gargoyle, but do no damage.
The gargoyle hits you with a flail!
You barely miss the gargoyle. Your kick misses the gargoyle.
Casting: Beastly Appendage
Confirm with . or Enter, or press ? or * to list all spells.
Your talons disappear.
You turn into a venomous arachnid creature.
Your +1 pair of gloves melds into your body.
Your +0 buckler melds into your body.
The gargoyle hits you with a flail!
The gargoyle hurls a stone arrow at you.
The stone arrow hits you!
* * * LOW HITPOINT WARNING * * *
The gargoyle hurls a stone arrow at you.
The stone arrow hits you!
You die...

### #.. #.#
#.#
#.#####.####
#..s9.......
#.#####.###.
## ####.#
#...###.##.#
#......>...#
#...###'####
#.....#
#.....# .
#!.)..#


You could see a gargoyle.

Vanquished Creatures
  Eustachio (D:8)
  A hippogriff (D:7)
  A hungry ghost (D:7)
  A necrophage (D:6)
  2 sky beasts (D:5)
  A black bear (D:6)
  6 orc warriors
  3 ice beasts
  A phantom (D:4)
  2 ogres (D:7)
  3 centaurs
  A big kobold (D:8)
  Blork the orc (D:9)
  4 giant frogs
  5 scorpions
  6 killer bees (D:9)
  3 crimson imps
  5 orc priests
  A centaur zombie (D:8)
  3 hounds
  3 jellies
  A giant frog skeleton (D:8)
  2 orc wizards
  A worker ant (D:6)
  3 iguanas
  A killer bee zombie (D:8)
  Jessica (D:2)
  A worker ant zombie (D:6)
  14 gnolls
  3 giant mites
  An inept item mimic (D:7)
  11 adders
  6 worms
  An orc skeleton (D:6)
  A giant eyeball (D:9)
  8 giant geckos
  3 oozes
  41 orcs
  5 ball pythons
  16 hobgoblins
  11 jackals
  2 quokkas
  18 bats
  3 giant cockroaches
  4 giant newts
  15 goblins
  2 goblin skeletons (D:4)
  A hobgoblin zombie (D:5)
  22 kobolds
  A kobold skeleton (D:6)
  A quokka skeleton (D:7)
  9 rats
  A rat skeleton (D:5)
  3 rat zombies
  A spectral orc (D:5)
268 creatures vanquished.

Vanquished Creatures (collateral kills)
  An orc knight (Bailey)
  7 orc warriors (Bailey)
  11 orcs (Bailey)
19 creatures vanquished.

Grand Total: 287 creatures vanquished

Notes
Turn   | Place    | Note
--------------------------------------------------------------
     0 | D:1      | Kassandra, the Draconian Transmuter, began the quest for the Orb.
     0 | D:1      | Reached XP level 1. HP: 16/16 MP: 3/3
   284 | D:1      | Reached XP level 2. HP: 18/23 MP: 4/4
   924 | D:1      | Reached XP level 3. HP: 28/28 MP: 4/6
   969 | D:1      | Learned a level 3 spell: Spider Form
  1184 | D:2      | Noticed Jessica
  1194 | D:2      | Killed Jessica
  1293 | D:2      | Reached skill level 4 in Transmutations
  1862 | D:3      | Reached XP level 4. HP: 32/35 MP: 4/7
  1953 | D:3      | Found a glowing silver altar of Zin.
  2188 | D:3      | Found a burning altar of Makhleb.
  2188 | D:3      | Found a snail-covered altar of Cheibriados.
  2189 | D:3      | Found a sparkling altar of Nemelex Xobeh.
  2192 | D:3      | Found a deep blue altar of Sif Muna.
  2197 | D:3      | Became a worshipper of Makhleb the Destroyer
  2220 | D:3      | Reached skill level 5 in Transmutations
  2319 | D:3      | Reached XP level 5. HP: 38/40 MP: 6/9
  2913 | D:3      | Acquired Makhleb's first power
  3146 | D:4      | Found a staircase to the Ecumenical Temple.
  3153 | Temple   | Entered the Ecumenical Temple
  3332 | D:4      | Gained mutation: You are agile. (Dex +2) [potion of mutation]
  3332 | D:4      | Gained mutation: You are dopey. (Int -2) [potion of mutation]
  3364 | D:4      | Reached skill level 6 in Transmutations
  3467 | D:4      | Reached XP level 6. HP: 47/47 MP: 4/10
  3564 | D:4      | Learned a level 5 spell: Blade Hands
  3662 | D:4      | HP: 2/47 [poisoned by a gnoll]
  3668 | D:4      | HP: 1/47 [poisoned by a gnoll]
  3907 | D:4      | Noticed a phantom
  3975 | D:4      | Killed a phantom
  4252 | D:4      | Acquired Makhleb's second power
  4252 | D:4      | Reached skill level 7 in Transmutations
  4466 | D:5      | Entered Level 5 of the Dungeon
  4472 | D:5      | Found a blossoming altar of Fedhas.
  4539 | D:5      | Your scales start taking on a golden yellow colour.
  4539 | D:5      | Reached XP level 7. HP: 49/52 MP: 12/12
  4759 | D:5      | Found an iron altar of Okawaru.
  4881 | D:5      | Found a basalt altar of Yredelemnul.
  4967 | D:5      | Reached skill level 8 in Transmutations
  5261 | D:5      | Reached skill level 5 in Unarmed Combat
  5343 | D:5      | Acquired Makhleb's third power
  5343 | D:5      | Reached XP level 8. HP: 15/59 MP: 13/13
  5419 | D:5      | Found a white marble altar of Elyvilon.
  5608 | D:5      | Paralysed by a potion of paralysis for 7 turns
  6423 | D:6      | Found a bloodstained altar of Trog.
  6551 | D:7      | Reached skill level 9 in Transmutations
  6632 | D:7      | Acquired Makhleb's fourth power
  6764 | D:7      | Reached XP level 9. HP: 52/68 MP: 12/14
  7367 | D:7      | Reached skill level 1 in Invocations
  7642 | D:8      | Found a burning altar of Makhleb.
  7661 | D:8      | Acquired Makhleb's fifth power
  7759 | D:8      | Found a flagged portal.
  7799 | Bailey   | Entered a bailey
  7817 | Bailey   | Reached skill level 1 in Shields
  7875 | Bailey   | Reached skill level 1 in Evocations
  8032 | Bailey   | Noticed an orc knight
  8043 | Bailey   | Killed an orc knight
  8061 | Bailey   | Noticed an orc knight
  8061 | Bailey   | Noticed an orc knight
  8076 | Bailey   | Noticed an orc knight
  8386 | D:8      | Reached XP level 10. HP: 78/80 MP: 16/16
  8408 | D:8      | Learned a level 4 spell: Ice Form
  8578 | D:9      | Noticed Eustachio
  8578 | D:9      | Noticed Maurice
  8612 | D:8      | Killed Eustachio
  8715 | D:9      | Paralysed by a giant eyeball for 2 turns
  8827 | D:9      | Found a radiant altar of Vehumet.
  8888 | D:9      | Reached skill level 5 in Fighting
  8959 | D:9      | Noticed Blork the orc
  8985 | D:9      | Killed Blork the orc
  9683 | D:9      | Reached skill level 10 in Unarmed Combat
  9845 | D:9      | Killed from afar by a gargoyle

Action                   |  1- 3 |  4- 6 |  7- 9 | 10-12 || total
-------------------------+-------+-------+-------+-------++-------
Melee: Unarmed           |   147 |   305 |   469 |   147 ||  1068
 Fire: Blowgun           |       |       |     7 |       ||     7
Throw: Dart              |       |       |     2 |       ||     2
 Cast: Beastly Appendage |    11 |    12 |    18 |     2 ||    43
       Spider Form       |     2 |    14 |     7 |     6 ||    29
       Blade Hands       |       |       |     3 |     2 ||     5
       Ice Form          |       |       |       |     1 ||     1
Invok: Minor Destruction |       |       |     5 |    11 ||    16
       Greater Servant o |       |       |     3 |       ||     3
       Lesser Servant of |       |       |     1 |       ||     1
       Major Destruction |       |       |       |     1 ||     1
 Abil: Spit Acid         |       |       |     2 |       ||     2
Evoke: Wand              |       |     1 |    15 |       ||    16
  Use: Scroll            |       |     9 |     6 |     1 ||    16
       Potion            |       |     9 |     3 |     2 ||    14
 Stab: Sleeping          |       |       |     2 |       ||     2
       Invisible         |       |       |       |     4 ||     4
